 Dungeon Crawl Stone Soup version 0.29.1-15-g9cfb28693d (webtiles) character file.

Game seed: 4829997983353359380

1111 Silvore the Slasher (level 8, -8/69 HPs)
             Began as a Minotaur Fighter on May 2, 2023.
             Mangled by an ogre
             ... wielding a +0 giant spiked club
              (25 damage)
             ... on level 6 of the Dungeon.
             The game lasted 00:06:08 (5105 turns).

Silvore the Slasher (Minotaur Fighter)              Turns: 5105, Time: 00:06:09

Health: -8/69      AC: 10    Str: 22    XL:     8   Next: 11%
Magic:  0/7        EV: 10    Int:  5    God:
Gold:   425        SH:  5    Dex: 11    Spells: 7/7 levels left

rFire   . . .      SeeInvis .   n - +1 long sword (freeze)
rCold   . . .      Faith    .   c - +0 buckler
rNeg    . . .      Spirit   +   b - +1 scale mail
rPois   .          Reflect  .   (helmet restricted)
rElec   .          Harm     .   (no cloak)
rCorr   .          Rampage  .   u - +0 pair of gloves
Will    .....                   (no boots)
Stlth   ..........              r - amulet of guardian spirit
HPRegen 0.21/turn               (no ring)
MPRegen 0.10/turn               (no ring)

@: no status effects
A: horns 2, retaliatory headbutt
a: no special abilities


You were on level 6 of the Dungeon.
You visited 1 branch of the dungeon, and saw 6 of its levels.

You collected 425 gold pieces.

Inventory:

Hand Weapons
 a - a +1 long sword
 n - a +1 long sword of freezing (weapon)
Armour
 b - a +1 scale mail (worn)
 c - a +0 buckler (worn)
 u - a +0 pair of gloves (worn)
Jewellery
 r - an amulet of guardian spirit (around neck)
Wands
 o - a wand of acid (24)
 t - a wand of paralysis (12)
 x - a wand of iceblast (20)
 y - a wand of polymorph (2)
Scrolls
 h - 2 scrolls of teleportation
 q - 2 scrolls of enchant armour
 s - 3 scrolls of enchant weapon
 v - a scroll of fog
 w - a scroll of magic mapping
 z - a scroll of blinking {unknown}
Potions
 d - 2 potions of might
 e - a potion of cancellation {unknown}
 f - a potion of brilliance {unknown}
 g - a potion of ambrosia {unknown}
 i - a potion of resistance {unknown}
 j - 2 potions of haste {unknown}
 k - 2 potions of attraction {unknown}
 l - 4 potions of curing {unknown}
 m - 2 potions of berserk rage {unknown}
 p - 2 potions of lignification {unknown}


   Skills:
 + Level 5.6 Fighting
 + Level 7.7 Long Blades
 + Level 7.1 Armour
 + Level 2.4 Dodging
 + Level 0.8 Stealth
 + Level 4.6 Shields


You had 7 spell levels left.
You didn't know any spells.
Your spell library contained the following spells:

 Spells                   Type           Power      Damage    Failure   Level
 Sting                    Tmut/Pois      0%         1d3       86%         1
 Poisonous Vapours        Pois/Air       0%         N/A       94%         2
 Olgreb's Toxic Radiance  Pois           0%         N/A       100%        4


Dungeon Overview and Level Annotations

Branches:
Dungeon (6/15)
 Temple: D:4-7

Altars:
Sif Muna

Shops:
D:2 *


Innate Abilities, Weirdness & Mutations

You have a pair of horns on your head.
You reflexively headbutt those who attack you in melee.


Message History

You block the scorpion's attack.
You hit the scorpion. You freeze the scorpion.
The scorpion is almost dead.
The scorpion barely misses you.
You barely miss the scorpion. You headbutt the scorpion.
You kill the scorpion!
You see here a scorpion corpse.
You now have 425 gold pieces (gained 14).
A shadow imp comes into view.
You see here a +1 vorpal spear.
An ogre comes into view. It is wielding a +0 giant spiked club.
The ogre shouts!
You closely miss the shadow imp. The shadow imp barely misses you.
You hit the shadow imp but do no damage.
You block the shadow imp's attack.
You closely miss the shadow imp.
The shadow imp hits you but does no damage.
You hit the shadow imp. You headbutt the shadow imp.
You kill the shadow imp!
The ogre hits you with a +0 giant spiked club!
You barely miss the ogre. Your headbutt misses the ogre. The ogre misses you.
You slash the ogre! You freeze the ogre.
The ogre is moderately wounded.
The ogre hits you with a +0 giant spiked club!!
You hit the ogre. You freeze the ogre. You headbutt the ogre.
The ogre is severely wounded.
A howler monkey comes into view.
The ogre hits you with a +0 giant spiked club!!
* * * LOW HITPOINT WARNING * * *
You barely miss the ogre.
The ogre is severely wounded.
The howler monkey howls!
You barely miss the ogre.
The ogre is severely wounded.
The ogre closely misses you.
You barely miss the ogre.
The ogre is severely wounded.
The howler monkey hoots and howls with incredible vigour!
The ogre hits you with a +0 giant spiked club!!
You die...

###..#..........##
#..###..........#
..## #.........##
### ##........# #
###......## ### #
##......# ...#
####### ###.)..##
..... #.....###
###...#..h...
........###
##.@.......
..........##
##O.......
...........###
##.......
.............#
#..####
.............# ..#
.............# #.#
.............# ..
....).......## #.#
............#


You could see an ogre and a howler monkey (catching breath).

Vanquished Creatures
  Grinder (D:4)
  Eustachio (D:5)
  An ice beast (D:5)
  A lemure (D:5)
  Blork the orc (D:4)
  A scorpion (D:6)
  3 necrophages
  Terence (D:2)
  3 orc priests (D:5)
  2 orc wizards (D:4)
  A hound skeleton (D:3)
  7 adders
  A shadow imp (D:6)
  An adder zombie (D:3)
  5 worms
  20 orcs
  5 ball pythons
  11 endoplasms
  4 giant cockroaches
  5 goblins
  4 hobgoblins
  6 quokkas
  6 bats
  3 frilled lizards
  9 kobolds
  4 rats
107 creatures vanquished.

Vanquished Creatures (others)
  2 withered plants (D:3)
2 creatures vanquished.

Grand Total: 109 creatures vanquished

Notes
Turn   | Place    | Note
-------+----------+-------------------------------------------
     0 | D:1      | Silvore the Minotaur Fighter began the quest for the Orb.
     0 | D:1      | Reached XP level 1. HP: 19/19 MP: 0/0
   396 | D:1      | Reached XP level 2. HP: 27/27 MP: 1/1
  1103 | D:2      | Reached XP level 3. HP: 25/33 MP: 2/2
  1117 | D:2      | Found a faded altar of an unknown god.
  1125 | D:2      | Reached skill level 1 in Dodging
  1464 | D:2      | Reached XP level 4. HP: 37/40 MP: 3/3
  1579 | D:2      | Noticed Terence
  1590 | D:2      | Killed Terence
  1699 | D:2      | Found Zyon's General Store.
  2317 | D:3      | Reached XP level 5. HP: 47/47 MP: 4/4
  2871 | D:3      | Reached skill level 5 in Armour
  3058 | D:4      | Noticed Grinder
  3082 | D:4      | Paralysed by Grinder for 5 turns
  3092 | D:4      | Paralysed by Grinder for 3 turns
  3109 | D:4      | Killed Grinder
  3110 | D:4      | Reached skill level 5 in Long Blades
  3110 | D:4      | Reached XP level 6. HP: 48/53 MP: 5/5
  3238 | D:4      | Noticed Blork the orc
  3242 | D:4      | Killed Blork the orc
  3683 | D:4      | Found a shimmering blue altar of Sif Muna.
  3693 | D:4      | Reached XP level 7. HP: 58/60 MP: 3/6
  3922 | D:5      | Entered Level 5 of the Dungeon
  3968 | D:5      | Reached skill level 5 in Fighting
  4179 | D:5      | Noticed Eustachio
  4188 | D:5      | Killed Eustachio
  4959 | D:6      | Reached XP level 8. HP: 67/69 MP: 5/7
  5105 | D:6      | Mangled by an ogre

Illustrated notes

Levels and vault maps discovered:
D:1:      dpeg_arrival_central, layout_basic, minmay_distorted
D:2:      layout_basic, nicolae_ecumenical_snake_handling, serial_shops,
          nicolae_shop_statue_plus, uniq_terence
D:3:      layout_basic, serial_undead, serial_undead_b, serial_undead_c,
          serial_undead_b, serial_undead_f, minmay_close_crescents
D:4:      layout_loops_ring, kennysheep_orc_sif_temple,
          minmay_misc_feat_encased, corexii_shack, uniq_grinder,
          uniq_blork_the_orc
D:5:      layout_loops_ring, minmay_misc_feat_hallway, uniq_eustachio,
          uniq_pikel
D:6:      layout_cave_pods, minmay_temple_entry_poolview

Skill      XL: |  1  2  3  4  5  6  7 |
---------------+----------------------+-----
Armour         | 4 5 6 7 |  7.1
Fighting       | 4 5 |  5.6
Long Blades    | 3 4 5 7 |  7.7
Dodging        | 1 2 |  2.4
Shields        | 4 |  4.6
Stealth        | |  0.8

Action                   |  1- 3 |  4- 6 |  7- 9 || total
-------------------------+-------+-------+-------++-------
Melee: Long sword        |    59 |   146 |    77 ||   282
       Headbutt          |    13 |    27 |    13 ||    53
  Use: Scroll            |     3 |     8 |     2 ||    13
       Potion            |       |     3 |     1 ||     4
Armor: Scale mail        |    34 |    74 |    14 ||   122
Dodge: Dodged            |    31 |    56 |    31 ||   118
Block: Buckler           |    14 |    38 |     9 ||    61
